 Dungeon Sprint DCSS version 0.30.1-11-g7821555f0a (webtiles) character file.

Game seed: 349078756788799484

7448 Groucho the Unseen (level 10, -8/59 HPs)
             Began as a Spriggan Enchanter on Dec 8, 2023.
             Was a High Priest of Dithmenos.
             Killed from afar by an ice dragon (48 damage)
             ... with a blast of cold
             ... in the Dungeon (Sprint II: "The Violet Keep of Menkaure").
             The game lasted 00:13:33 (1435 turns).

Groucho the Unseen (Spriggan Enchanter)             Turns: 1435, Time: 00:13:34

Health: -8/59      AC:  3    Str:  4    XL:     10   Next: 93%
Magic:  22/25      EV: 29    Int: 20    God:    Dithmenos [*****.]
Gold:   318        SH:  0    Dex: 17    Spells: 18/29 levels left

rFire   + . .        a - +1 dagger
rCold   . . .        (no shield)
rNeg    . . .        b - +0 robe
rPois   .            i - +1 hat
rElec   .            (no cloak)
rCorr   .            (gloves unavailable)
SInv    +            (boots unavailable)
Will    +....        (no amulet) Stlth *+++++++++
                     f - ring "Vusyak Xam" {rF+ EV+5 Stlth+}
HPRegen 0.29/turn    j - ring of flight
MPRegen 0.19/turn

%: no teleportation
@: confusing by touch, flying, wreathed by umbra, very quick
A: very small, no large weapons, unfitting armour, see invisible, speed 3,
screaming 1
a: Renounce Religion, Shadow Step, Shadow Form


You were in the Dungeon.
You worshipped Dithmenos.
Dithmenos was extremely pleased with you.
You visited 1 branch You collected 1307 gold pieces.
You spent 989 gold pieces at shops.

Inventory:

Hand Weapons
 a - a +1 dagger (weapon)
 c - a +0 arbalest
Armour
 b - a +0 robe (worn)
 i - a +1 hat (worn)
Jewellery
 f - a ring "Vusyak Xam" (left hand) {rF+ EV+5 Stlth+}
   (You bought it in a shop in the Dungeon)

   [ring of evasion]

   EV:        It affects your evasion (+5).
   rF:        It protects you from fire.
   Stlth:     It makes you more stealthy.
 j - a ring of flight (right hand)
Potions
 d - a potion of curing
 e - 3 potions of flight {unknown}
 g - 2 potions of magic
 h - a potion of berserk rage


   Skills:
 - Level 10.0 Fighting
 - Level 10.0 Short Blades
 + Level 11.0 Dodging
 - Level 15.0 Stealth
 - Level 10.0 Spellcasting
 * Level 8.8 Conjurations
 - Level 14.0 Hexes
 - Level 4.0 Ice Magic
 - Level 3.0 Invocations


You had 18 spell levels left.
You knew the following spells:

 Your Spells              Type           Power      Damage    Failure   Level
a - Ensorcelled Hibernat  Hex/Ice        92%        N/A       1%          2
b - Confusing Touch       Hex            60%        N/A       1%          3
c - Dazzling Flash        Conj/Hex       100%       N/A       1%          3
d - Tukima's Dance        Hex            60%        N/A       1%          3

Your spell library contained the following spells:

 Spells                   Type           Power      Damage    Failure   Level


Dungeon Overview and Level Annotations

Branches:
Dungeon (1/1)

Altars:
Cheibriados
Dithmenos
Elyvilon
Fedhas
Gozag
Hepliaklqana
Kikubaaqudgha
Makhleb
Nemelex Xobeh
Okawaru
Qazlal
Ru
Sif Muna
Trog
Uskayaw
Vehumet
Wu Jian
Xom
Yredelemnul
Zin
The Shining One
Jiyva
Lugonu

Shops:
D ?[::=(=?(!!([*[

Annotations:
D exclusion: oklob plant


Innate Abilities, Weirdness & Mutations

You are very small and have problems with some larger weapons.
You are too small for most types of armour.
You have supernaturally acute eyesight. (SInv)
You cover ground extremely quickly. (Speed+++)
You occasionally shout uncontrollably at your foes.


Message History

The slime creature quivers. x2
A great orb of eyes comes into view.
There is a large open door here.
Unknown command.
The ice dragon breathes frost at you. The blast of cold hits you!!
You emit a cloud of dark smoke.
The shining eye gazes at you.
Strange energies course through your body.
You feel the urge to shout.
Casting: Confusing Touch (safe; 1% risk of failure)
Confirm with . or Enter, or press ? or * to list all spells.
Casting: Dazzling Flash (safe; 1% risk of failure)
Press: ? - help, Dir - look around, f - activate The shining eye is dazzled.
Unknown command.
Unknown command.
Unknown command.
Unknown command.
You start resting.
Magic restored.
You start resting.
A polar bear is nearby!
You start resting.
An iron elemental is nearby!
Unknown command.
Unknown command.
Unknown command.
Unknown command.
Unknown command.
Unknown command.
Okay, then.
Casting: Dazzling Flash (safe; 1% risk of failure)
Confirm with . or Enter, or press ? or * to list all spells.
Your hands begin to glow red.
The ice dragon roars deafeningly!
The ice dragon breathes frost at you.
The blast of cold hits the iron elemental.
The iron elemental completely resists.
The blast of cold hits you!!!
Ouch! That really hurt!
You die...

.~ #..÷.§§§#..#
+##..#..####.#..#
..##~####..+.##.# #..#
...#..#...####
..####..#####..##.# !$?
'###.##..#.D'^.#..#▓[$)??
.##...#..#..#..#..#▓$:=))?
<.'###'..####.E##.#▓!))!)[
.##...#....###^.@##▓▓▓▓▓▓▓
'###.##......~~~~~~~~~~~~~
.#####~~..§..~#'########+##
#.†#~§§§~§~..~#..._._._#§~§
#.##~~~~~~§~.~#_._._._.#§§§
+##~~~§≈≈§§§~~#._._._._#§~~
~~~~~~≈≈§§§~~#_._._._.#~~S
#+++#~≈≈≈§≈≈≈~#._._._..#~~~
≈ ##≈≈≈###≈≈#_._._...#~S§


You could see an iron elemental and an ice dragon (catching breath).

Vanquished Creatures
  A deep elf master archer (D)
  A crystal guardian (D)
  2 boulder beetles (D)
  2 death drakes (D)
  A merfolk siren (D)
  A yaktaur (D)
  3 polar bears (D)
  A hornet (D)
  2 wyverns (D)
  3 yaks (D)
  A vampire mosquito (D)
  Menkaure (D)
  5 water moccasins (D)
  2 swamp drakes (D)
  3 black bears (D)
  4 scorpions (D)
33 creatures vanquished.

Notes
Turn   | Place    | Note
-------+----------+-------------------------------------------
     0 | D        | Groucho the Spriggan Enchanter began the quest for the Orb.
     0 | D        | Reached XP level 1. HP: 9/9 MP: 5/5
     3 | D        | Noticed a wyvern
     3 | D        | Noticed a wyvern
     6 | D        | Noticed a scorpion
     6 | D        | Noticed a scorpion
     8 | D        | Noticed a scorpion
     8 | D        | Noticed a scorpion
    12 | D        | Killed a scorpion
    13 | D        | Reached skill level 7 in Stealth
    13 | D        | Reached skill level 5 in Hexes
    13 | D        | Reached skill level 10 in Stealth
    13 | D        | Reached XP level 2. HP: 15/15 MP: 7/7
    13 | D        | Reached XP level 3. HP: 18/18 MP: 8/8
    13 | D        | Killed a scorpion
    14 | D        | Reached skill level 13 in Stealth
    14 | D        | Reached XP level 4. HP: 23/23 MP: 9/9
    14 | D        | Killed a scorpion
    15 | D        | Reached skill level 15 in Stealth
    15 | D        | Reached XP level 5. HP: 26/26 MP: 10/10
    27 | D        | Noticed a boulder beetle
    27 | D        | Noticed a boulder beetle
    37 | D        | Learned a level 2 spell: Ensorcelled Hibernation
    41 | D        | Learned a level 3 spell: Confusing Touch
    45 | D        | Learned a level 3 spell: Dazzling Flash
    49 | D        | Noticed a merfolk siren
    52 | D        | Killed a merfolk siren
    53 | D        | Reached skill level 1 in Conjurations
    53 | D        | Reached XP level 6. HP: 30/30 MP: 11/11
    53 | D        | Reached XP level 7. HP: 35/35 MP: 12/12
    59 | D        | Killed a wyvern
    65 | D        | Killed a wyvern
    66 | D        | Reached skill level 5 in Conjurations
   345 | D        | Killed a boulder beetle
   346 | D        | Reached skill level 5 in Short Blades
   346 | D        | Reached XP level 8. HP: 32/42 MP: 8/16
   383 | D        | Found Yroem's Armour Shop.
   384 | D        | Found Hadohyhu's Assorted Antiques.
   384 | D        | Found Tittoti's Distillery.
   384 | D        | Found Ragotsee's Weapon Shop.
   384 | D        | Found Baci's Distillery.
   384 | D        | Found Itwettu's Magic Scroll Shop.
   384 | D        | Found Figretor's Antique Weapon Shop.
   385 | D        | Found Xeriut's Antique Armour Boutique.
   385 | D        | Found Qaitih Heclu's Jewellery Shop.
   385 | D        | Found Duev's Antique Weapon Boutique.
   387 | D        | Found Vadypeju's Jewellery Shop.
   387 | D        | Found Jilolel's Book Boutique.
   387 | D        | Noticed an oklob plant
   388 | D        | Found Zuxerop's Antique Armour Shop.
   388 | D        | Found Vobequ's Magic Scroll Boutique.
   388 | D        | Found Leifiklu's Book Shoppe.
   396 | D        | Noticed a death yak
   412 | D        | Bought a ring "Vusyak Xam" {rF+ EV+5 Stlth+} for 580 gold
                  | pieces
   412 | D        | Bought a ring of flight for 192 gold pieces
   424 | D        | Noticed Menkaure
   433 | D        | Reached skill level 5 in Dodging
   433 | D        | Reached skill level 5 in Spellcasting
   450 | D        | Killed Menkaure
   456 | D        | Killed a boulder beetle
   457 | D        | Reached XP level 9. HP: 49/49 MP: 12/20
   723 | D        | Found a glowing golden altar of the Shining One.
   723 | D        | Found an ornate altar of the Wu Jian Council.
   724 | D        | Found a shimmering altar of Xom.
   724 | D        | Found a sacrificial altar of Ru.
   725 | D        | Found a basalt altar of Yredelemnul.
   725 | D        | Found a shimmering blue altar of Sif Muna.
   726 | D        | Found a glowing silver altar of Zin.
   726 | D        | Found a bloodstained altar of Trog.
   726 | D        | Found an ancient bone altar of Kikubaaqudgha.
   726 | D        | Found a stormy altar of Qazlal.
   726 | D        | Found a viscous altar of Jiyva.
   730 | D        | Found a hide-covered altar of Uskayaw.
   730 | D        | Found a corrupted altar of Lugonu.
   730 | D        | Found a shadowy altar of Dithmenos.
   731 | D        | Found a radiant altar of Vehumet.
   731 | D        | Found a burning altar of Makhleb.
   731 | D        | Found a white marble altar of Elyvilon.
   732 | D        | Found a sparkling altar of Nemelex Xobeh.
   732 | D        | Found a blossoming altar of Fedhas.
   734 | D        | Found an iron altar of Okawaru.
   734 | D        | Found an opulent altar of Gozag.
   734 | D        | Found a hazy altar of Hepliaklqana.
   734 | D        | Found a snail-covered altar of Cheibriados.
   734 | D        | Noticed a polar bear
   735 | D        | Noticed a yaktaur
   742 | D        | Became a worshipper of Dithmenos the Shadowed
   752 | D        | Noticed a polar bear
   752 | D        | Noticed a polar bear
   774 | D        | Killed a polar bear
   776 | D        | Killed a polar bear
   778 | D        | Reached * piety under Dithmenos
   787 | D        | Killed a polar bear
   792 | D        | Killed a yaktaur
   874 | D        | Learned a level 3 spell: Tukima's Dance
   876 | D        | Noticed a death drake
   877 | D        | Noticed a death drake
   877 | D        | Noticed a crystal guardian
   878 | D        | Reached ** piety under Dithmenos
   881 | D        | Killed a crystal guardian
   882 | D        | Reached skill level 10 in Fighting
   882 | D        | Reached skill level 10 in Spellcasting
   882 | D        | Reached XP level 10. HP: 59/59 MP: 23/25
   882 | D        | Killed a death drake
   883 | D        | Reached skill level 10 in Short Blades
   884 | D        | Killed a death drake
   884 | D        | Reached *** piety under Dithmenos
   909 | D        | Reached **** piety under Dithmenos
  1077 | D        | Noticed a deep elf master archer
  1082 | D        | Killed a deep elf master archer
  1083 | D        | Reached skill level 10 in Dodging
  1095 | D        | Reached ***** piety under Dithmenos
  1333 | D        | Bought a glowing hat for 217 gold pieces
  1398 | D        | Found the +7 sceptre of Torment {pain, torment}
  1398 | D        | Noticed an ice dragon
  1398 | D        | Noticed an iron elemental
  1398 | D        | Noticed a shining eye
  1399 | D        | Noticed a shining eye
  1399 | D        | Noticed a shining eye
  1399 | D        | Noticed a great orb of eyes
  1401 | D        | Gained mutation: You occasionally shout uncontrollably at
                  | your foes. [a shining eye]
  1435 | D        | Killed from afar by an ice dragon

Illustrated notes

Levels and vault maps discovered:
D:        the_violet_keep_of_menkaure [sprint2_stairs_cluster_1,
          sprint2_shoproom, sprint2_temple, sprint2_basic_supplies,
          sprint2_obstacle_7, sprint2_obstacle_3, sprint2_obstacle_6,
          sprint2_obstacle_4, sprint2_obstacle_1, sprint2_timed_cluster_1,
          sprint2_smallroom_cluster_1, sprint2_smallroom_final_cluster_1,
          sprint2_transparent_cluster_1, sprint2_second_timed_cluster_1,
          sprint2_sniper_area_1, sprint2_heavy_combat_area_1,
          sprint2_mutation_trap_area_1, sprint2_forest_area_1,
          sprint2_light_combat_area_1, sprint2_behind_water_1,
          sprint2_near_end_vault_1]

Skill      XL: |  1  2  3  4  5  6  7  8  9 10 |
---------------+-------------------------------+-----
Fighting       | 2 4 6 10 | 10.0
Stealth        | 10 13 15 | 15.0
Spellcasting   | 3 4 7 10 | 10.0
Hexes          | 5 6 14 | 14.0
Conjurations   | 1 5 8 |  8.8
Ice Magic      | 4 |  4.0
Short Blades   | 5 8 10 | 10.0
Dodging        | 4 7 11 | 11.0
Invocations    | 3 |  3.0

Action                     |  1- 3 |  4- 6 |  7- 9 | 10-12 || total
---------------------------+-------+-------+-------+-------++-------
  Melee: Dagger            |     5 |     7 |    41 |    18 ||    71
         Punch             |       |       |     1 |       ||     1
   Cast: Ensorcelled Hiber |       |       |    11 |    10 ||    21
         Confusing Touch   |       |       |     3 |     2 ||     5
         Dazzling Flash    |       |       |       |     1 ||     1
    Use: Potion            |     2 |       |     2 |       ||     4
         Scroll            |       |       |     1 |       ||     1
   Stab: Sleeping          |     2 |     2 |    12 |    12 ||    28
         Invisible         |     1 |     2 |     4 |       ||     7
         Confused          |       |       |     1 |     1 ||     2
 Armour: Robe              |       |       |     2 |       ||     2
  Dodge: Dodged            |     5 |     1 |    44 |    13 ||    63
